 Dungeon Crawl Stone Soup version 0.30-a0-297-g0ec75d9ef4 (webtiles) character file.

Game seed: 7631892081833649999

4536 tbh1313 the Basher (level 10, -6/60 HPs)
             Began as a Gargoyle Fighter on Oct 19, 2022.
             Mangled by a bone dragon (9 damage)
             ... on level 1 of the Abyss.
             The game lasted 00:17:14 (7365 turns).

tbh1313 the Basher (Gargoyle Fighter)               Turns: 7365, Time: 00:17:14

Health: -6/60      AC: 23    Str: 24    XL:     10   Next: 40%
Magic:  10/10      EV:  9    Int:  9    God:
Gold:   410        SH:  4    Dex:  9    Spells: 9/9 levels left

rFire   + . .      SeeInvis .    l - +2 hammer (drain)
rCold   + . .      Faith    +    c - +0 buckler
rNeg    + . .      Spirit   .    a - +4 scale mail {Will+}
rPois   ∞          Reflect  .    (no helmet)
rElec   +          Harm     .    y - scarf {rC+ rF+}
rCorr   .          Rampage  .    (no gloves)
Will    +....                    n - +0 pair of boots
Stlth   ..........               E - amulet "Uwka" {Faith rElec}
HPRegen 0.30/turn                A - +4 ring of protection
MPRegen 0.12/turn                (no ring)

@: invisible
A: sickness immunity, AC +7, negative energy resistance 1, electricity
resistance, torment resistance 1, petrification resistance
a: no special abilities


You were on level 1 of the Abyss.
You visited 2 branches of the dungeon, and saw 10 of its levels.
You visited the Abyss 1 time.

You collected 410 gold pieces.

Inventory:

Hand Weapons
 l - a +2 hammer of draining (weapon)
Missiles
 r - 6 javelins (quivered)
Armour
 a - a +4 scale mail of willpower (worn)
 c - a +0 buckler (worn)
 n - a +0 pair of boots (worn)
 v - a +0 kite shield
 y - a scarf of resistance (worn)
Jewellery
 z - a ring of ice
 A - a +4 ring of protection (left hand)
 E - the amulet "Uwka" (around neck) {Faith rElec}
   (You found it on level 9 of the Dungeon)

   [amulet of faith]

   It allows you to gain divine favour quickly.
   rElec:     It insulates you from electricity.
Wands
 e - a wand of mindburst (18)
 f - a wand of roots (8)
 D - a wand of flame (22)
Scrolls
 d - a scroll of amnesia
 h - 3 scrolls of teleportation
 o - a scroll of fear
 s - a scroll of magic mapping
 t - a scroll of immolation
 u - a scroll of butterflies
 F - a scroll of blinking
Potions
 b - a potion of brilliance
 g - a potion of lignification
 i - 2 potions of invisibility
 j - 5 potions of curing
 k - 2 potions of attraction
 m - a potion of ambrosia
 p - a potion of degeneration
 q - a potion of heal wounds {unknown}
 w - a potion of haste {unknown}
 x - a potion of resistance
 B - 2 potions of magic {unknown}
 C - a potion of might


   Skills:
 + Level 5.7 Fighting
 - Level 14.0 Maces & Flails
 - Level 3.2 Armour
 - Level 4.5 Shields


You had 9 spell levels left.
You didn't know any spells.
Your spell library contained the following spells:

 Spells                   Type           Power      Damage    Failure   Level
 Beastly Appendage        Tmut           0%         N/A       77%         1
 Slow                     Hex            0%         N/A       77%         1
 Wereblood                Tmut           0%         N/A       88%         2
 Confusing Touch          Hex            0%         N/A       98%         3
 Spider Form              Tmut/Pois      0%         N/A       98%         3
 Vampiric Draining        Necr           0%         2d6       98%         3


Dungeon Overview and Level Annotations

Branches:
Dungeon (9/15)             Temple (1/1) D:7
   Lair: D:8-11         Orc: D:9-12

Altars:
Cheibriados
Dithmenos
Elyvilon
Fedhas
Gozag
Hepliaklqana
Kikubaaqudgha
Makhleb
Nemelex Xobeh
Ru
Sif Muna
Trog
Uskayaw
Vehumet
Wu Jian
Xom
Yredelemnul
Zin

Annotations:
D:9 Erolcha


Innate Abilities, Weirdness & Mutations

You are immune to sickness and miasma.
Your stone body is resilient. (AC +7)
You are immune to poison.
You resist negative energy. (rN+)
You are resistant to electric shocks. (rElec)
You are resistant to unholy torment.
You are immune to petrification.


Message History

The small abomination is severely damaged.
The small abomination hits you but does no damage.
You sock the small abomination!
The small abomination is almost destroyed.
The small abomination hits you but does no damage.
You thump the small abomination!
You destroy the small abomination!
Unknown command.
HP restored.
A bone dragon comes into view.
You hit the bone dragon but do no damage.
You hit the bone dragon but do no damage.
The bone dragon bites you but does no damage.
The bone dragon claws you! The bone dragon tramples you.
You stumble backwards!
Sorry, you're not good enough to have a special ability.
Sorry, you're not good enough to have a special ability.
You sock the bone dragon!
The bone dragon is lightly damaged.
The bone dragon bites you but does no damage.
The bone dragon claws you. The bone dragon tramples you.
You stumble backwards!
You hit the bone dragon but do no damage.
The bone dragon is lightly damaged.
You block the bone dragon's attack.
The bone dragon claws you but does no damage.
The bone dragon tramples you but does no damage.
You hit the bone dragon but do no damage.
The bone dragon is lightly damaged.
You hit the bone dragon.
The bone dragon is lightly damaged.
The bone dragon bites you! The bone dragon barely misses you. x2
You completely miss the bone dragon.
The bone dragon is lightly damaged.
The bone dragon bites you! The bone dragon claws you!
* * * LOW HITPOINT WARNING * * *
You block the bone dragon's attack.
You fade into invisibility!
The bone dragon barely misses you. The bone dragon claws you.
* * * LOW HITPOINT WARNING * * *
The bone dragon tramples you!
You die...

## #.
.####
#.#.#
#@..#
#D### #.#
#.....#
##.##....#
.#. #. # .
# #. .


You could see a bone dragon.

Levels and vault maps discovered:
D:1:      amcnicky_arrival_choice, layout_rooms
D:2:      minmay_alternating_diamond, layout_basic, nicolae_underground_beach,
          uniq_crazy_yiuf_cottage, uniq_sigmund, uniq_jessica
D:3:      layout_basic, makhleb_altar_promises_db, kennysheep_generic_room_6,
          uniq_terence
D:4:      layout_basic, dreamdust_princess_corridor,
          hangedman_decor_diamond_cutter, st_stairs_8
D:5:      layout_basic
D:6:      layout_loops_ring, uniq_eustachio
D:7:      layout_basic, temple_fountains, minmay_mini_ossuary, uniq_joseph
D:8:      layout_gridville, nicolae_wu_jian_wuxing_cycle, vehumet_crystals,
          roderic_lattice_a, grunt_ministairs_1, minmay_between, uniq_grum
D:9:      layout_layer_cave, nicolae_qazlal_style_of_elements,
          mainiacjoe_overflow_concentric_impassable, enter_bailey_3,
          nicolae_shop_gadgets, uniq_erolcha
Temple:   eino_temple_lava
Abyss:1:  base:
D:4

Notes
Turn   | Place    | Note
-------+----------+-------------------------------------------
     0 | D:1      | tbh1313 the Gargoyle Fighter began the quest for the Orb.
     0 | D:1      | Reached XP level 1. HP: 14/14 MP: 1/1
   102 | D:1      | Reached XP level 2. HP: 15/19 MP: 2/2
   230 | D:1      | You fall into a shaft and drop 1 floor!
   275 | D:2      | Reached skill level 3 in Maces & Flails
   381 | D:2      | Noticed Jessica
   391 | D:2      | Reached XP level 3. HP: 23/23 MP: 3/3
   398 | D:2      | Killed Jessica
   473 | D:1      | Reached XP level 4. HP: 21/28 MP: 4/4
   797 | D:2      | Found a runed translucent door.
   798 | D:2      | Noticed Crazy Yiuf
   805 | D:2      | Killed Crazy Yiuf
  1046 | D:2      | Reached skill level 4 in Maces & Flails
  1059 | D:2      | Noticed Sigmund
  1072 | D:2      | Killed Sigmund
  1073 | D:2      | Reached skill level 5 in Maces & Flails
  1073 | D:2      | Reached XP level 5. HP: 28/32 MP: 5/5
  1073 | D:2      | Reached XP level 6. HP: 33/37 MP: 6/6
  1459 | D:3      | Noticed Terence
  1472 | D:3      | Killed Terence
  1662 | D:3      | Reached skill level 6 in Maces & Flails
  1952 | D:3      | Found a burning altar of Makhleb.
  1954 | D:3      | Noticed a blizzard demon
  2322 | D:4      | Reached XP level 7. HP: 33/41 MP: 7/7
  2566 | D:4      | Reached skill level 7 in Maces & Flails
  2963 | D:5      | Entered Level 5 of the Dungeon
  3172 | D:5      | Reached skill level 8 in Maces & Flails
  3398 | D:6      | Reached XP level 8. HP: 46/46 MP: 8/8
  3490 | D:6      | Reached skill level 9 in Maces & Flails
  3688 | D:6      | HP: 4/46 [orc warrior/+0 scimitar (16)]
  3696 | D:6      | Reached skill level 10 in Maces & Flails
  3966 | D:6      | Noticed Eustachio
  3981 | D:6      | Killed Eustachio
  4113 | D:6      | Reached XP level 9. HP: 48/51 MP: 9/9
  4120 | D:6      | Reached skill level 11 in Maces & Flails
  4713 | D:7      | Found a staircase to the Ecumenical Temple.
  4723 | Temple   | Entered the Ecumenical Temple
  4948 | D:7      | Reached skill level 12 in Maces & Flails
  5152 | D:7      | Noticed Joseph
  5171 | D:7      | Killed Joseph
  5562 | D:8      | Noticed Grum
  5571 | D:8      | Reached skill level 13 in Maces & Flails
  5753 | D:8      | Killed Grum
  5754 | D:8      | Reached XP level 10. HP: 50/56 MP: 10/10
  6225 | D:8      | Found an ornate altar of the Wu Jian Council.
  6233 | D:8      | Reached skill level 14 in Maces & Flails
  6233 | D:8      | Found a radiant altar of Vehumet.
  7049 | D:9      | Reached skill level 5 in Fighting
  7121 | D:9      | Found a sacrificial altar of Ru.
  7156 | D:9      | Identified the amulet "Uwka" {Faith rElec}
  7226 | D:9      | Noticed Erolcha
  7243 | Abyss:1  | Cast into level 1 of the Abyss (Erolcha)
  7355 | Abyss:1  | Noticed a bone dragon
  7364 | Abyss:1  | HP: 4/60 [bone dragon (12)]
  7365 | Abyss:1  | Mangled by a bone dragon

Table legend: (Time is in decaauts)
 A = Elapsed time spent in this place.
 B = Non-inter-level travel time spent in this place.
 C = Inter-level travel time spent in this place.
 D = Time resting spent in this place.
 E = Time spent auto-exploring this place.
 F = Levels seen in this place.
 G = Mean time per level.
                   A        B        C        D        E       F      G
               +--------+--------+--------+--------+--------+-----+--------+
         Total |   7325 |   7026 |    299 |   1388 |   4274 |  11 |  665.9 |
       Dungeon |   7143 |   6855 |    288 |   1350 |   4168 |   9 |  793.7 |
        Temple |     64 |     54 |     10 |      0 |     47 |   1 |   64.0 |
         Abyss |    117 |    117 |      0 |     38 |     59 |   1 |  117.0 |
               +--------+--------+--------+--------+--------+-----+--------+

Top non-repeatable levels by time:
     D:8: 1264 daAuts
     D:6: 1150 daAuts
     D:7: 1084 daAuts
     D:2: 917 daAuts
     D:4: 847 daAuts
     D:3: 683 daAuts
     D:1: 548 daAuts
     D:5: 427 daAuts
     D:9: 219 daAuts
 Abyss:1: 117 daAuts
  Temple: 64 daAuts

Table legend:
 A = Kills in this place as a percentage of kills in entire the game.
 B = Kills by you in this place as a percentage of kills by you in the entire game.
 C = Kills by friends in this place as a percentage of kills by friends in the entire game.
 D = Other kills in this place as a percentage of other kills in the entire game.
 E = Experience gained in this place as a percentage of experience gained in the entire game.
 F = Experience gained in this place divided by the number of levels of this place that you have seen.
                   A       B       C       D       E      F
               +-------+-------+-------+-------+-------+----------------------
         Total | 100.0 | 100.0 |   N/A |   N/A | 100.0 | 589.1
       Dungeon |  99.4 |  99.4 |   N/A |   N/A |  98.7 | 710.7
         Abyss |   0.6 |   0.6 |   N/A |   N/A |   1.3 |  84.0
               +-------+-------+-------+-------+-------+----------------------

Action                   |  1- 3 |  4- 6 |  7- 9 | 10-12 || total
-------------------------+-------+-------+-------+-------++-------
Melee: Flail             |    77 |    21 |       |       ||    98
       Mace              |       |   105 |   332 |   188 ||   625
Throw: Javelin           |       |       |     6 |       ||     6
  Use: Potion            |     1 |       |     6 |     1 ||     8
       Scroll            |     1 |       |    10 |       ||    11
Armor: Scale mail        |    81 |    43 |   167 |   117 ||   408
       Robe              |       |     6 |       |       ||     6
       Skin              |       |       |     2 |       ||     2
Dodge: Dodged            |    47 |    53 |   134 |    72 ||   306
Block: Buckler           |    21 |    22 |    63 |    43 ||   149

Vanquished Creatures
  Joseph (D:7)
  Sigmund (D:2)
  A wyvern (D:8)
  Grum (D:8)
  Eustachio (D:6)
  A steam dragon (D:7)
  3 water moccasins
  2 orc warriors
  3 ice beasts
  A sky beast (D:6)
  2 ogres
  2 wolves (D:7)
  A phantom (D:5)
  A centaur (D:8)
  3 bullfrogs
  2 kobold brigands
  3 necrophages
  2 scorpions
  A small abomination (Abyss:1)
  6 wights
  5 killer bees (D:8)
  2 howler monkeys
  A jelly (D:4)
  Crazy Yiuf (D:2)
  A gnoll bouda (D:7)
  4 hounds
  3 orc priests
  Jessica (D:2)
  4 iguanas
  7 orc wizards
  Terence (D:3)
  A mummy (D:7)
  6 adders
  4 gnolls
  2 white imps
  An ufetubus (D:6)
  2 worms
  A dart slug (D:1)
  19 orcs
  8 endoplasms
  3 giant cockroaches
  5 goblins
  6 hobgoblins
  4 jackals (D:2)
  A quokka (D:3)
  9 ball pythons
  7 bats
  4 frilled lizards
  A hobgoblin zombie (D:7)
  18 kobolds
  3 kobold zombies (D:7)
  4 rats
177 creatures vanquished.
